AoeStats
← |GaoeG| flamingo

Enclosed

504273167Analyzed
1v1 RM · 26d ago on Sep 4, 2026· 48m 22s· 2 players
Game mode
Random Map
Map size
Tiny (2 player)
Population
200
Speed
Normal
Resources
Standard
Victory
Conquest
Starting age
Dark Age
Ending age
Imperial Age
RankedLock teamsTeams togetherTeam positionsShared explorationLock speedFull tech treeHidden civsTurbo modeCheats
Victory
Defeat
🇪🇸 Mongols · Spain
1386
+16
🇮🇳 Malay · India
1382
-16
TaySwizzle13
6:00 Loom
8:44 Feudal Age
14:55 Fletching
15:16 Padded Archer Armor
22:59 Castle Age
22:34 Bodkin Arrow
22:05 Crossbowman
25:02 Ballistics
25:27 Thumb Ring
37:22 Imperial Age
35:38 Double-Bit Axe
35:36 Horse Collar
36:59 Bracer
39:12 Chemistry
41:19 Arbalester
45:52 Wheelbarrow
|GaoeG| flamingo
6:20 Loom
8:52 Feudal Age
8:57 Man-at-Arms
10:09 Double-Bit Axe
13:42 Fletching
14:14 Horse Collar
20:19 Castle Age
20:38 Scale Barding Armor
20:46 Forging
21:10 Bloodlines
21:45 Chain Barding Armor
24:22 Wheelbarrow
24:25 Padded Archer Armor
26:54 Town Watch
28:15 Bow Saw
27:47 Elite Skirmisher
32:23 Leather Archer Armor
35:54 Gold Mining
36:32 Heavy Plow
37:28 Husbandry
37:43 Thumb Ring
38:44 Bodkin Arrow
39:42 Ballistics
40:50 Hand Cart
46:57 Imperial Age
46:55 Gold Shaft Mining
46:10 Stone Mining
47:04 Cavalier
47:46 Bracer
49:00 Chemistry
Connection lost

Rejoining the realm…

Still unreachable

The connection could not be restored.

Session expired

The server has moved on; the page needs a fresh start.